 Dungeon Crawl Stone Soup version 0.30.1-11-g7821555f0a (webtiles) character file.

Game seed: 10116230886086953287

37 lonewolfV2 the Trooper (level 3, -2/32 HPs)
             Began as a Formicid Fighter on Nov 14, 2023.
             Slain by a gnoll
             ... wielding a +0 halberd
              (3 damage)
             ... on level 2 of the Dungeon.
             The game lasted 00:01:50 (1166 turns).

lonewolfV2 the Trooper (Formicid Fighter)           Turns: 1166, Time: 00:01:51

Health: -2/32      AC:  6    Str: 22    XL:     3   Next: 60%
Magic:  3/3        EV:  9    Int:  7    God:
Gold:   109        SH:  5    Dex: 13    Spells: 2/2 levels left

rFire   . . .        a - +0 war axe
rCold   + . .        c - +0 buckler
rNeg    . . .        b - +0 scale mail
rPois   .            (helmet unavailable)
rElec   .            (no cloak)
rCorr   .            (no gloves)
SInv    +            (no boots)
Will    .....        (no amulet) Stlth
                     h - ring of protection from cold
HPRegen 0.25/turn    (no ring)
MPRegen 0.08/turn

%: no passive effects
@: mighty
A: permanent stasis, dig shafts and tunnels, antennae 3, four strong arms
a: Dig, Shaft Self


You were on level 2 of the Dungeon.
You visited 1 branch of the dungeon, and saw 2 of its levels.

You collected 109 gold pieces.

Inventory:

Hand Weapons
 a - a +0 war axe (weapon)
Armour
 b - a +0 scale mail (worn)
 c - a +0 buckler (worn)
Jewellery
 h - a ring of protection from cold (left hand)
Scrolls
 g - a scroll of identify
Potions
 d - a potion of might
 e - a potion of haste {unknown}
 f - 2 potions of curing
 i - 2 potions of lignification {unknown}


   Skills:
 * Level 4.8 Fighting
 - Level 2.0 Axes
 - Level 3.2 Armour
 - Level 4.0 Shields


You had 2 spell levels left.
You didn't know any spells.
Your spell library contained the following spells:

 Spells                   Type           Power      Damage    Failure   Level
 Sting                    Tmut/Pois      0%         1d3       83%         1
 Poisonous Vapours        Pois/Air       0%         N/A       92%         2
 Olgreb's Toxic Radiance  Pois           0%         N/A       100%        4


Dungeon Overview and Level Annotations

Branches:
Dungeon (2/15)

Altars:
Hepliaklqana


Innate Abilities, Weirdness & Mutations

You cannot be hasted, slowed, berserked, paralysed or teleported.
You can dig through walls and to a lower floor.
You have a pair of large antennae on your head. (SInv)
Your four strong arms can wield two-handed weapons with a shield.


Message History

A rat comes into view.
The gnoll moves out of view.
The gnoll throws a throwing net.
The throwing net hits you.
You become entangled in the net!
You see here a throwing net.
You struggle against the net.
You struggle against the net.
The gnoll hits you but does no damage.
You struggle against the net.
The gnoll hits you from afar with a +0 halberd!
You shred the net and break free! You block the gnoll's attack.
The rat bites you but does no damage.
You feel very mighty all of a sudden.
The gnoll hits you from afar with a +0 halberd.
The rat bites you. You block the gnoll's attack.
You slash the rat!
You kill the rat!
You completely miss the gnoll.
The gnoll hits you from afar with a +0 halberd.
You block the gnoll's attack.
You slice the frilled lizard!!
You kill the frilled lizard!
You slash the gnoll! The gnoll barely misses you.
The gnoll hits you with a +0 club. The gnoll barely misses you. x2
You hit the gnoll.
The gnoll is moderately wounded.
You slash the gnoll!
You kill the gnoll!
The gnoll barely misses you. x2
You slash the gnoll!
The gnoll is almost dead.
The gnoll closely misses you. The gnoll barely misses you.
You barely miss the gnoll.
The gnoll is almost dead.
The gnoll closely misses you. The gnoll hits you with a +0 flail.
The gnoll hits you from afar with a +0 halberd!
* * * LOW HITPOINT WARNING * * *
You block the gnoll's attack.
A hobgoblin comes into view.
The gnoll hits you with a +0 halberd.
You die...

#### { #..+ .#########
#####..+ ........#
#......# #......# #......#
#......## #......#
#.......## #......###
#..##...)g...###...)†....
#.....g@................
......#######.###.....)...
..gg. #............. ....
##...#..###### ...
#...##.## .. #[..##..# . {
#...###.# #...# #.#####
#...# #......


You could see 2 gnolls and a hobgoblin (wandering).

Vanquished Creatures
  A gnoll (D:2)
  A ball python (D:2)
  A bat (D:1)
  2 hobgoblins (D:2)
  3 jackals (D:2)
  A quokka (D:2)
  2 frilled lizards
  4 goblins
  6 kobolds (D:1)
  4 rats
25 creatures vanquished.

Notes
Turn   | Place    | Note
-------+----------+-------------------------------------------
     0 | D:1      | lonewolfV2 the Formicid Fighter began the quest for the
                  | Orb.
     0 | D:1      | Reached XP level 1. HP: 18/18 MP: 1/1
     2 | D:1      | Noticed a spriggan
     2 | D:1      | Noticed an elf
     4 | D:1      | Noticed an ogre
     4 | D:1      | Noticed a human
     6 | D:1      | Noticed a meteoran
     8 | D:1      | Noticed a felid
    10 | D:1      | Noticed a minotaur
    10 | D:1      | Noticed a vampire
    12 | D:1      | Noticed a demonspawn
    12 | D:1      | Noticed a formicid
    14 | D:1      | Noticed an octopode
    14 | D:1      | Noticed a vine stalker
    16 | D:1      | Noticed a naga
    16 | D:1      | Noticed a draconian
    18 | D:1      | Noticed a ghoul
    18 | D:1      | Noticed a gargoyle
    20 | D:1      | Noticed a tengu
    22 | D:1      | Noticed an armataur
    22 | D:1      | Noticed a demigod
    28 | D:1      | Noticed a merfolk
    28 | D:1      | Noticed a merfolk
    30 | D:1      | Noticed a gargoyle
    30 | D:1      | Noticed an elf
   321 | D:1      | Reached XP level 2. HP: 24/25 MP: 2/2
   870 | D:2      | Found a hazy altar of Hepliaklqana.
   926 | D:2      | Reached XP level 3. HP: 28/31 MP: 3/3
  1165 | D:2      | HP: 1/32 [gnoll/+0 halberd (9)]
  1166 | D:2      | Slain by a gnoll

Illustrated notes

Levels and vault maps discovered:
D:1:      kb_arrival_jail, layout_loops_ring
D:2:      layout_basic, basic_altar, minivault_5, kennysheep_generic_room_4

Skill      XL: |  1  2 |
---------------+-------+-----
Fighting       | 4 |  4.8
Axes           | |  2.0
Armour         | |  3.2
Shields        | |  4.0

Action                     || total
---------------------------++-------
  Melee: War axe           ||    78
Ability: Dig               ||     2
    Use: Scroll            ||     2
         Potion            ||     1
 Armour: Scale mail        ||    35
  Dodge: Dodged            ||    41
  Block: Buckler           ||    27
